 Dungeon Crawl Stone Soup version 0.25-a0-413-g3b4b6a4ccc (webtiles) character file.

Game seed: 2441448917211745893, levelgen mode: deterministic

105 Enkuryo the Skirmisher (level 4, 0/41 HPs)
             Began as a Minotaur Abyssal Knight on Jan 13, 2020.
             Was a Believer of Lugonu.
             Slain by a worker ant (5 damage)
             ... on level 3 of the Dungeon on Jan 14, 2020.
             The game lasted 00:14:04 (1388 turns).

Enkuryo the Skirmisher (Minotaur Abyssal Knight)    Turns: 1388, Time: 00:14:05

Health: 0/41       AC:  3    Str: 17    XL:     4   Next: 54%
Magic:  3/4        EV: 12    Int:  9    God:    Lugonu [**....]
Gold:   31         SH:  0    Dex: 10    Spells: 3/3 levels left

rFire    . . .     SeeInvis .   a - +2 falchion
rCold    + . .     Gourm    .   (no shield)
rNeg     . . .     Faith    .   b - +0 leather armour
rPois    .         Spirit   .   (helmet restricted)
rElec    .         Reflect  .   (no cloak)
rCorr    .         Harm     .   (no gloves)
MR       .....                  (no boots)
Stlth    +.........             (no amulet)
HPRegen  0.13/turn              f - ring of protection from cold
MPRegen  0.09/turn              (no ring)

@: no status effects
A: retaliatory headbutt, horns 2
a: Depart the Abyss, Bend Space, Renounce Religion


You were on level 3 of the Dungeon.
You worshipped Lugonu.
Lugonu was pleased with you.
You were hungry.

You visited 1 branch of the dungeon, and saw 3 of its levels.
You visited the Abyss 1 time.

You collected 31 gold pieces.

Inventory:

Hand Weapons
 a - a +2 falchion (weapon)
Armour
 b - a +0 leather armour (worn)
Jewellery
 f - a ring of protection from cold (left hand)
Scrolls
 j - a scroll of fear
Potions
 e - a potion of agility
Comestibles
 c - 3 rations
 d - 3 chunks of flesh


   Skills:
 * Level 4.7 Fighting
 * Level 4.2 Long Blades
 + Level 3.0 Armour
 + Level 2.0 Dodging
 + Level 1.8 Invocations


You had 3 spell levels left.
You didn't know any spells.
Your spell library was empty.

Dungeon Overview and Level Annotations

Branches:
Dungeon (2/15)

Altars:
Makhleb


Innate Abilities, Weirdness & Mutations

You reflexively headbutt those who attack you in melee.
You have a pair of horns on your head.


Message History

Space bends around you!
You blink.
A giant cockroach comes into view.
The bat hits you but does no damage. The bat closely misses you.
The kobold hits you but does no damage. The bat closely misses you.
The giant cockroach barely misses you.
You closely miss the giant cockroach.
Your headbutt misses the giant cockroach.
The bat barely misses you. The kobold hits you but does no damage.
The giant cockroach bites you.
* * * LOW HITPOINT WARNING * * *
The worker ant bites you.
* * * LOW HITPOINT WARNING * * *
You hit the giant cockroach.
The giant cockroach is heavily wounded.
The kobold barely misses you. The giant cockroach misses you.
You riposte.
You hit the giant cockroach.
You kill the giant cockroach!
Lugonu accepts your kill. The worker ant bites you.
You die...

### ..#
#.# #.# #
#.# #. #†#
##.####@#
......Ka#
......bl#
........#
#...._...#
+..>.....#
#........#
#........#
#........#


You could see a worker ant, a leopard gecko, a bat and a kobold.

Vanquished Creatures
  A hound (D:2)
  A gnoll (D:1)
  3 adders
  An ooze (D:2)
  2 dart slugs (D:1)
  A leopard gecko (D:3)
  An orc (D:3)
  3 bats (D:1)
  A giant cockroach (D:3)
  3 goblins
  4 hobgoblins
  A quokka (D:2)
  A ball python (D:3)
  3 frilled lizards
  A kobold (D:3)
  4 rats
31 creatures vanquished.

Notes
Turn   | Place    | Note
-------+----------+-------------------------------------------
     0 | Abyss:1  | Enkuryo the Minotaur Abyssal Knight began the quest for the
                  | Orb.
     0 | Abyss:1  | Reached XP level 1. HP: 19/19 MP: 1/1
    21 | Abyss:1  | Upgraded the game from 0.25-a0-410-g53dbb631d1 to
                  | 0.25-a0-413-g3b4b6a4ccc
    37 | D:1      | Escaped the Abyss
   280 | D:1      | Reached XP level 2. HP: 20/27 MP: 2/2
   836 | D:2      | Reached XP level 3. HP: 26/33 MP: 3/3
   873 | D:2      | Reached XP level 4. HP: 23/41 MP: 4/4
  1112 | D:2      | Reached ** piety under Lugonu
  1115 | D:2      | You fall into a shaft and drop 1 floor!
  1360 | D:3      | Noticed an orc warrior
  1380 | D:3      | Found a burning altar of Makhleb.
  1388 | D:3      | Slain by a worker ant

Levels and vault maps discovered:
D:1:      psy_arrival_whirlpool, layout_basic, serial_corexii_hall,
          chequers_hall_statues_y, corexii_hall_statues_l
D:2:      minmay_chambers_of_twos, layout_loops_corners,
          nicolae_overflow_crystal_walls, first_ration, serial_park_tiny_pond
D:3:      layout_basic, lemuel_doored_altar, bloody_makhleb, uniq_jessica,
          uniq_sigmund

Skill      XL: |  1  2  3  4 |
---------------+-------------+-----
Long Blades    | 3 4 |  4.2
Fighting       | 4 |  4.7
Armour         | 3 |  3.0
Dodging        | 2 |  2.0
Invocations    | |  1.8

Action                   |  1- 3 |  4- 6 || total
-------------------------+-------+-------++-------
Melee: Falchion          |    41 |    25 ||    66
       Headbutt          |     3 |     8 ||    11
Invok: Bend Space        |       |     2 ||     2
  Use: Scroll            |     6 |     3 ||     9
  Eat: Chunk             |       |     1 ||     1
Armor: Leather armour    |    16 |     8 ||    24
Dodge: Dodged            |    19 |    26 ||    45
       Rpst.: Falchion   |     4 |    10 ||    14

Table legend:
 A = Non-vault XP
 B = Vault XP
 C = Vault XP percentage of total XP
 D = Non-vault monster count
 E = Vault monster count
 F = Vault count percentage of total count
                 A         B        C        D         E       F
            +---------+---------+-------+---------+---------+-------
      Total |     151 |       0 |   0.0 |      31 |       0 |   0.0
            +---------+---------+-------+---------+---------+-------
        D:1 |      40 |       0 |   0.0 |      15 |       0 |   0.0
        D:2 |      84 |       0 |   0.0 |       8 |       0 |   0.0
        D:3 |      27 |       0 |   0.0 |       8 |       0 |   0.0
            +---------+---------+-------+---------+---------+-------
